 Dungeon Crawl Stone Soup version 0.22.0-49-gab54619 (webtiles) character file.

764 bloo the Shield-Bearer (level 7, 0/63 HPs)
             Began as a Minotaur Fighter on Sept 7, 2018.
             Was an Initiate of Makhleb.
             Succumbed to a scorpion's poison
             ... on level 4 of the Dungeon on Sept 8, 2018.
             The game lasted 00:35:55 (4228 turns).

bloo the Shield-Bearer (Minotaur Fighter)           Turns: 4228, Time: 00:35:56

Health: 0/63       AC: 12    Str: 22    XL:     7   Next: 51%
Magic:  6/6        EV:  8    Int:  5    God:    Makhleb [......]
Gold:   170        SH: 10    Dex: 10    Spells: 6/6 levels left

rFire    . . .     SeeInvis .   a - +0 war axe
rCold    . . .     Gourm    .   c - +0 shield
rNeg     . . .     Faith    .   b - +0 scale mail
rPois    .         Spirit   .   (helmet restricted)
rElec    .         Reflect  .   (no cloak)
rCorr    .         Harm     .   A - +2 pair of gloves
MR       .....                  u - +0 pair of boots
Stlth    ..........             (no amulet)
HPRegen  0.20/turn              (no ring)
MPRegen  0.10/turn              (no ring)

@: lethally poisoned (0 -> -11)
A: retaliatory headbutt, horns 2
a: Renounce Religion


You were on level 4 of the Dungeon.
You worshipped Makhleb.
Makhleb was noncommittal.
You were hungry.

You visited 1 branch of the dungeon, and saw 5 of its levels.

You collected 170 gold pieces.

Inventory:

Hand Weapons
 a - a +0 war axe (weapon)
 r - a +0 hunting sling
 y - a +0 blowgun
 B - a +0 flail
Missiles
 j - 70 stones (quivered)
 o - 54 sling bullets
Armour
 b - a +0 scale mail (worn)
 c - a +0 shield (worn)
 u - a +0 pair of boots (worn)
 x - a scarf of repulsion
 z - a +0 helmet
 A - a +2 pair of gloves (worn)
Jewellery
 h - a +2 ring of evasion {unknown}
 s - an uncursed amulet of guardian spirit {unknown}
 t - an uncursed ring of attention
Scrolls
 e - 2 scrolls of fog
 g - 4 scrolls of fear {unknown}
 i - a scroll of amnesia {unknown}
 k - 2 scrolls of immolation {unknown}
 l - 2 scrolls of enchant weapon {unknown}
 m - 3 scrolls of magic mapping {unknown}
 p - 2 scrolls of identify {unknown}
 q - 4 scrolls of teleportation {unknown}
 w - 4 scrolls of remove curse
Potions
 d - a potion of might
 n - a potion of degeneration {unknown}
Comestibles
 f - 4 rations
 v - 3 chunks of flesh


   Skills:
 + Level 6.1 Fighting
 + Level 5.4 Axes
 - Level 5.9 Armour
 * Level 6.6 Shields


You had 6 spell levels left.
You didn't know any spells.
Your spell library was empty.

Dungeon Overview and Level Annotations

Branches:
Dungeon (5/15)
 Temple: D:4-7

Altars:
Dithmenos
Kikubaaqudgha
Makhleb
Ru
Uskayaw
Xom
Zin
The Shining One

Shops:
D:2 *


Innate Abilities, Weirdness & Mutations

You reflexively headbutt those who attack you in melee.
You have a pair of horns on your head.


Message History

Makhleb accepts your kill.
* * * LOW HITPOINT WARNING * * *
You feel sick.
There is a lethal amount of poison in your body!
There is a lethal amount of poison in your body!
B - a flail
* * * LOW HITPOINT WARNING * * *
You feel sick.
Unknown command.
There are no objects that can be picked up here. an orc corpse
* * * LOW HITPOINT WARNING * * *
You feel sick.
* * * LOW HITPOINT WARNING * * *
You feel sick.
* * * LOW HITPOINT WARNING * * *
You feel sick.
* * * LOW HITPOINT WARNING * * *
You feel sick.
You die...

......+ #####. ......# .
#...#. ..._..#.. #...#.
###..8.... #...#.
...._..+ #...#. #......#
#...#. ### #......#
#...#. ##### ....
##)##### #...## ....#
....##)@)...# #.....
.o..# ......).....#
#..... ....#
.......)....#.....#.....
.o..#
######......#.!...#...##
....# .
#......#.....##'###
o.o.# ..
#......#.....#.....
.o..# ...
#......#.....#...).
....# ....
#......#.....#.....
....#
.....##'#####.....######


There were no monsters in sight!

Vanquished Creatures
  Grinder (D:4)
  A sky beast (D:2)
  An ogre (D:4)
  A scorpion (D:4)
  An orc priest (D:4)
  A hound (D:3)
  3 orc wizards (D:4)
  A centaur skeleton (D:4)
  Ijyb (D:4)
  A worker ant (D:4)
  3 adders (D:3)
  An ooze (D:2)
  4 worms (D:2)
  2 dart slugs
  4 leopard geckos
  8 orcs
  4 giant cockroaches
  9 goblins
  7 hobgoblins
  10 jackals
  5 kobolds
  A ball python (D:3)
  A bat (D:1)
  3 frilled lizards
  A jackal skeleton (D:4)
  7 rats
82 creatures vanquished.

Notes
Turn   | Place    | Note
-------+----------+-------------------------------------------
     0 | D:1      | bloo the Minotaur Fighter began the quest for the Orb.
     0 | D:1      | Reached XP level 1. HP: 19/19 MP: 0/0
   159 | D:1      | Reached XP level 2. HP: 17/27 MP: 1/1
   911 | D:2      | Found an ancient bone altar of Kikubaaqudgha.
   911 | D:2      | Found a sacrificial altar of Ru.
   979 | D:2      | Reached XP level 3. HP: 31/33 MP: 2/2
   996 | D:2      | Found Zin's Purification Station.
  1000 | D:2      | Found a glowing silver altar of Zin.
  1175 | D:2      | Noticed a sky beast
  1187 | D:2      | Killed a sky beast
  1187 | D:2      | Reached XP level 4. HP: 19/41 MP: 3/3
  1187 | D:2      | Reached XP level 5. HP: 22/47 MP: 4/4
  2436 | D:1      | Found a glowing golden altar of the Shining One.
  2872 | D:3      | Reached skill level 5 in Shields
  2940 | D:3      | Reached skill level 5 in Armour
  3076 | D:3      | Found a hide-covered altar of Uskayaw.
  3200 | D:3      | Found a burning altar of Makhleb.
  3227 | D:3      | Became a worshipper of Makhleb the Destroyer
  3368 | D:3      | Reached skill level 5 in Fighting
  3655 | D:4      | Noticed an ogre
  3660 | D:4      | Killed an ogre
  3660 | D:4      | Reached XP level 6. HP: 32/56 MP: 5/5
  3780 | D:4      | Noticed Grinder
  3798 | D:4      | Killed Grinder
  3798 | D:4      | Reached XP level 7. HP: 56/62 MP: 6/6
  4010 | D:5      | Entered Level 5 of the Dungeon
  4195 | D:4      | Found a shimmering altar of Xom.
  4195 | D:4      | Found a shadowy altar of Dithmenos.
  4195 | D:4      | Noticed Ijyb
  4197 | D:4      | Reached skill level 5 in Axes
  4219 | D:4      | Killed Ijyb
  4226 | D:4      | HP: 2/63 [poisoned by a scorpion]
  4228 | D:4      | Succumbed to a scorpion's poison

Skill      XL: |  1  2  3  4  5  6  7 |
---------------+----------------------+-----
Armour         | 4 5 |  5.9
Shields        | 4 5 6 |  6.6
Fighting       | 4 5 6 |  6.1
Axes           | 3 4 5 |  5.4

Action                   |  1- 3 |  4- 6 |  7- 9 || total
-------------------------+-------+-------+-------++-------
Melee: War axe           |    84 |    97 |    32 ||   213
       Headbutt          |    14 |    20 |     4 ||    38
  Use: Scroll            |     2 |     1 |       ||     3
  Eat: Ration            |       |     3 |       ||     3
Armor: Scale mail        |    35 |    36 |    37 ||   108
Dodge: Dodged            |    23 |    25 |    26 ||    74
Block: Shield            |    37 |    42 |    42 ||   121
